AoeStats
← |GaoeG| flamingo

Arena

509119427Analyzed
3v3 RM · 6d ago on Sep 25, 2026· 34m 27s· 6 players
Game mode
Random Map
Map size
Normal (6 player)
Population
200
Speed
Normal
Resources
Standard
Victory
Conquest
Starting age
Dark Age
Ending age
Imperial Age
RankedLock teamsTeams togetherTeam positionsShared explorationLock speedFull tech treeHidden civsTurbo modeCheats
Victory
Defeat
🇪🇸 Malians · Spain
1398
+13
🇪🇸 Mongols · Spain
1359
+15
🇪🇸 Spanish · Spain
1270
+19
🇨🇳 Goths · China
1361
-17
🇷🇺 Saxons · Russia
1347
-16
🇪🇸 Vikings · Spain
1290
-14
lidyaqu
10:38 Feudal Age
12:08 Double-Bit Axe
14:35 Castle Age
12:28 Horse Collar
17:12 Fletching
18:13 Wheelbarrow
18:01 Loom
21:57 Bodkin Arrow
22:48 Crossbowman
26:30 Padded Archer Armor
28:53 Ballistics
30:55 Scale Mail Armor
31:05 Forging
31:18 Squires
31:04 Arson
31:22 Town Watch
Cassalleta
10:07 Feudal Age
15:00 Castle Age
13:09 Double-Bit Axe
13:27 Horse Collar
16:47 Bow Saw
17:56 Heavy Plow
19:09 Gold Mining
21:17 Fletching
21:27 Padded Archer Armor
22:35 Bodkin Arrow
22:55 Leather Archer Armor
22:06 Crossbowman
24:13 Ballistics
27:33 Loom
27:44 Stone Mining
31:37 Imperial Age
30:34 Scale Barding Armor
30:39 Forging
30:14 Treadmill Crane
30:44 Masonry
30:30 Murder Holes
32:23 Bracer
31:58 Arbalester
32:46 Bogsveigar
33:06 Conscription
33:21 Ring Archer Armor
33:11 Chain Barding Armor
33:26 Iron Casting
33:52 Two-Man Saw
34:09 Chemistry
32:41 Light Cavalry
6988
10:40 Feudal Age
14:30 Castle Age
13:04 Double-Bit Axe
13:25 Horse Collar
14:05 Loom
16:41 Bow Saw
JITANOmaleant7
9:35 Feudal Age
14:02 Castle Age
12:58 Double-Bit Axe
12:55 Horse Collar
14:29 Wheelbarrow
15:01 Bow Saw
21:45 Loom
23:03 Heavy Plow
22:56 Gold Mining
22:56 Stone Mining
26:02 Gold Shaft Mining
26:02 Stone Shaft Mining
25:46 Hand Cart
29:28 Imperial Age
28:02 Fletching
28:13 Padded Archer Armor
28:39 Ballistics
28:43 Bodkin Arrow
29:51 Onager
30:43 Siege Engineers
31:39 Chemistry
31:43 Bloodlines
31:34 Husbandry
31:14 Siege Onager
33:53 Parthian Tactics
33:38 Thumb Ring
Skofilus
10:25 Feudal Age
14:01 Castle Age
12:51 Double-Bit Axe
14:10 Loom
15:06 Wheelbarrow
15:19 Horse Collar
16:33 Bow Saw
18:41 Gold Mining
20:27 Forging
22:47 Town Watch
24:58 Scale Mail Armor
29:10 Imperial Age
28:30 Heavy Plow
29:07 Gold Shaft Mining
29:27 Chain Mail Armor
30:59 Conscription
32:28 Plate Mail Armor
32:43 Iron Casting
33:25 Scale Barding Armor
33:59 Capped Ram
34:05 Light Cavalry
|GaoeG| flamingo
10:56 Feudal Age
14:26 Castle Age
12:56 Double-Bit Axe
12:53 Horse Collar
15:13 Loom
15:43 Bow Saw
15:39 Heavy Plow
18:42 Town Watch
23:50 Wheelbarrow
24:50 Padded Archer Armor
26:45 Gold Mining
27:55 Leather Archer Armor
29:07 Bloodlines
28:58 Husbandry
29:20 Hand Cart
30:06 Scale Barding Armor
29:24 Light Cavalry
32:15 Chain Barding Armor
32:06 Forging
36:32 Imperial Age
Connection lost

Rejoining the realm…

Still unreachable

The connection could not be restored.

Session expired

The server has moved on; the page needs a fresh start.